 Dungeon Crawl Stone Soup version 0.30-a0-585-g93115170b9 (webtiles) character file.

Game seed: 8682022762220903038

8287 cforsyth the Grappler (level 11, -6/101 HPs)
             Began as a Ghoul Monk on Jan 2, 2023.
             Was a Priest of Ru.
             Mangled by a sixfirhy (11 damage)
             ... summoned by a kobold demonologist
             ... on level 9 of the Dungeon.
             The game lasted 00:21:48 (13690 turns).

cforsyth the Grappler (Ghoul Monk)                 Turns: 13690, Time: 00:21:49

Health: -6/101     AC: 12    Str: 20    XL:     11   Next: 28%
Magic:  10/10      EV:  8    Int:  5    God:    Ru [***...]
Gold:   452        SH:  5    Dex: 11    Spells: 10/10 levels left

rFire   . . .      SeeInvis .      - Unarmed
rCold   + + .      Faith    .    w - +0 buckler
rNeg    + + +      Spirit   .    y - +2 chain mail {rC+}
rPois   ∞          Reflect  .    t - +0 helmet
rElec   .          Harm     .    (no cloak)
rCorr   .          Rampage  +    h - +0 pair of gloves
Will    .....                    o - +1 pair of boots {rampage} Stlth
                                 (no amulet)
HPRegen 0.00/turn                (no ring)
MPRegen 0.12/turn                (no ring)

@: inhibited regen
A: claws 1, cold resistance 1, negative energy resistance 3, inhibited
regeneration, torment resistance 2, hated by all, no air magic, no hexes magic,
no summoning magic, reduced AC 1, devour on kill
a: Renounce Religion, Draw Out Power


You were on level 9 of the Dungeon.
You worshipped Ru.
Ru was most pleased with you.
You visited 2 branches of the dungeon, and saw 11 of its levels.
You also visited: Bailey.

You collected 600 gold pieces.
You spent 148 gold pieces at shops.

Inventory:

Armour
 h - a +0 pair of gloves (worn)
 o - a +1 pair of boots of rampaging (worn)
 t - a +0 helmet (worn)
 w - a +0 buckler (worn)
 y - a +2 chain mail of cold resistance (worn)
Jewellery
 A - an amulet of guardian spirit
Wands
 e - a wand of roots (18)
 C - a wand of quicksilver (5)
 H - a wand of paralysis (10)
Scrolls
 a - a scroll of butterflies {unknown}
 c - a scroll of fear
 i - a scroll of blinking
 k - 2 scrolls of amnesia {unknown}
 l - 4 scrolls of teleportation
 p - a scroll of immolation
 q - 2 scrolls of poison
 u - a scroll of enchant armour {unknown}
 v - 2 scrolls of vulnerability
 D - 5 scrolls of enchant weapon
 E - 3 scrolls of fog {unknown}
 I - a scroll of brand weapon
 J - 2 scrolls of identify
Potions
 b - 2 potions of ambrosia
 d - 3 potions of haste
 f - 2 potions of brilliance {unknown}
 g - 2 potions of magic {unknown}
 j - 2 potions of attraction
 m - a potion of cancellation {unknown}
 n - 5 potions of curing
 r - 2 potions of heal wounds
 s - 3 potions of mutation {unknown}
 x - a potion of flight {unknown}
 z - a potion of might {unknown}
 B - a potion of invisibility {unknown}
 F - 2 potions of resistance {unknown}


   Skills:
 + Level 10.5 Fighting
 + Level 7.3 Armour
 - Level 2.6 Dodging
 - Level 2.1 Stealth
 + Level 7.3 Shields
 + Level 10.5 Unarmed Combat


You had 10 spell levels left.
You didn't know any spells.
Your spell library contained the following spells:

 Spells                   Type           Power      Damage    Failure   Level
 Freeze                   Ice            0%         1d3       99%         1
 Magic Dart               Conj           0%         1d3       99%         1
 Sandblast                Erth           0%         2d4       99%         1
 Sting                    Tmut/Pois      0%         1d3       99%         1
 Passwall                 Tmut/Erth      0%         N/A       100%        2
 Searing Ray              Conj           0%         2d4       100%        2
 Frozen Ramparts          Ice            0%         1d1       100%        3
 Hailstorm                Conj/Ice       0%         3d3       100%        3
 Stone Arrow              Conj/Erth      0%         3d7       100%        3
 Iskenderun's Mystic Bla  Conj/Tloc      0%         2d3       100%        4
 Olgreb's Toxic Radiance  Pois           0%         N/A       100%        4
 Starburst                Conj/Fire      0%         6d3       100%        6
 Ensorcelled Hibernation  Hex/Ice        Unusable   N/A       N/A         2
 Poisonous Vapours        Pois/Air       Unusable   N/A       N/A         2
 Dazzling Flash           Conj/Hex       Unusable   N/A       N/A         3
 Spider Form              Tmut/Pois      Unusable   N/A       N/A         3
 Anguish                  Hex/Necr       Unusable   N/A       N/A         4
 Fulminant Prism          Conj/Hex       Unusable   3d5       N/A         4

Dungeon Overview and Level Annotations

Branches:
Dungeon (10/15)            Temple (1/1) D:5            Lair (0/5) D:9
    Orc (0/2) D:9          Bailey (visited)

Altars:
Ashenzari
Cheibriados
Dithmenos
Gozag
Kikubaaqudgha
Makhleb
Nemelex Xobeh
Ru
Sif Muna
Trog
Uskayaw
Vehumet
Wu Jian
Xom

Shops:
D:5 ?   D:7 (   D:9 (*


Innate Abilities, Weirdness & Mutations

You are immune to poison.
You have sharp fingernails.
Your flesh is cold resistant. (rC+)
You are immune to negative energy. (rN+++)
You do not regenerate when monsters are visible.
You are immune to unholy pain and torment.
You are hated by all.
You cannot study or cast Air magic.
You cannot study or cast Hexes magic.
You cannot study or cast Summoning magic.
You take slightly more damage. (AC -5)
You thrive by killing the living.


Message History

The sixfirhy hits you but does no damage. x2
The kobold hits you but does no damage.
The kobold demonologist begins to cast a spell, but is stunned by your conviction!
You barely miss the kobold demonologist.
The kobold demonologist is heavily wounded.
The sixfirhy hits you but does no damage. x2
The sixfirhy hits you! The sixfirhy shocks you! The sixfirhy hits you!
The sixfirhy shocks you!
* * * LOW HITPOINT WARNING * * *
You focus your inner power and illuminate the sixfirhy in retribution!
The kobold demonologist hits you but does no damage.
The kobold hits you but does no damage.
You closely miss the kobold demonologist.
The kobold demonologist is heavily wounded.
The sixfirhy hits you but does no damage.
The sixfirhy closely misses you.
You barely miss the kobold demonologist.
The kobold demonologist is heavily wounded.
You block the kobold demonologist's attack.
The kobold barely misses you.
You hit the kobold demonologist but do no damage.
The kobold demonologist is heavily wounded.
The kobold demonologist miscasts a cantrip.
The kobold hits you with a +0 whip.
* * * LOW HITPOINT WARNING * * *
Unknown command.
You punch the kobold demonologist!
The kobold demonologist is severely wounded.
You block the sixfirhy's attack. The kobold barely misses you.
You block the kobold demonologist's attack.
You hit the kobold demonologist.
The kobold demonologist is almost dead.
The sixfirhy hits you.
* * * LOW HITPOINT WARNING * * *
The sixfirhy shocks you!
* * * LOW HITPOINT WARNING * * *
The sixfirhy hits you!
* * * LOW HITPOINT WARNING * * *
The sixfirhy shocks you!
You die...

.....#.#.#..##..#.#.......#######
.∩..............#.#.......# ###
.....####...##<##.#.......#####..
.....##...........[......##......
.....##.#####.####...#####.......
.###....# #........#####.......
.# ####.# #....5......#....##~~
.# #....# ##.###33..÷...........
.# #.#..# #...K@Kg..#.....#.#...
## ###### #.#####..###....##.#.#
# #.# #..##...#..##... # #.#
##.......~..#.... #.#
#...#..........>. #.#
#........~..#.... #.#
#.#####..#.#..... ### #.#
#.....~.....###.#
#.###############..###.#...#.....


You could see a kobold demonologist, a sixfirhy (summoned, corona), a smoke
demon (summoned), a gnoll, a shadow imp (summoned) and a kobold (corona).

Vanquished Creatures
  A gargoyle (D:8)
  A rime drake (D:9)
  A kobold demonologist (D:9)
  A hornet (D:8)
  A troll (D:8)
  A polar bear (D:9)
  Prince Ribbit (D:7)
  A shadow (D:9)
  3 wyverns
  A vampire (D:8)
  A basilisk (D:9)
  4 yaks
  2 steam dragons (D:8)
  4 water moccasins
  9 orc warriors
  A black bear (D:8)
  A sky beast (D:7)
  4 ice beasts
  A wolf (D:9)
  2 ogres (D:6)
  3 centaurs
  4 bullfrogs
  Blork the orc (D:5)
  2 necrophages
  2 gnoll sergeants
  3 kobold brigands
  3 scorpions
  8 wights
  3 killer bees (D:8)
  4 howler monkeys
  2 jellies
  A gnoll bouda (D:7)
  5 orc priests
  4 hounds
  Jessica (D:2)
  4 iguanas
  7 orc wizards
  14 gnolls
  6 adders
  2 white imps
  An ufetubus (D:4)
  A worm (D:2)
  A dart slug (D:1)
  39 orcs
  8 ball pythons
  3 endoplasms
  A giant cockroach (D:1)
  8 goblins
  12 hobgoblins
  8 jackals
  7 quokkas
  8 bats
  13 kobolds
  4 rats
234 creatures vanquished.

Vanquished Creatures (others)
  A wyvern (D:7)
  An iguana (D:6)
  A plant (D:7)
3 creatures vanquished.

Grand Total: 237 creatures vanquished

Notes
Turn   | Place    | Note
-------+----------+-------------------------------------------
     0 | D:1      | cforsyth the Ghoul Monk began the quest for the Orb.
     0 | D:1      | Reached XP level 1. HP: 19/19 MP: 0/0
    53 | D:1      | Reached XP level 2. HP: 20/26 MP: 1/1
   152 | D:1      | Found a faded altar of an unknown god.
   332 | D:1      | You fall into a shaft and drop 1 floor!
   360 | D:2      | Reached XP level 3. HP: 31/33 MP: 2/2
   411 | D:2      | Noticed Jessica
   417 | D:2      | Killed Jessica
   418 | D:2      | Reached XP level 4. HP: 34/41 MP: 3/3
   632 | D:2      | Found a hide-covered altar of Uskayaw.
  1290 | D:2      | Noticed a scorpion
  1300 | D:2      | Killed a scorpion
  1301 | D:2      | Reached skill level 5 in Fighting
  1301 | D:2      | Reached skill level 5 in Unarmed Combat
  1301 | D:2      | Reached XP level 5. HP: 39/48 MP: 4/4
  1623 | D:3      | Found an opulent altar of Gozag.
  1812 | D:3      | Reached XP level 6. HP: 44/56 MP: 5/5
  2888 | D:4      | Reached skill level 1 in Armour
  2888 | D:4      | Reached skill level 1 in Shields
  3155 | D:4      | Reached XP level 7. HP: 54/63 MP: 6/6
  3254 | D:5      | Entered Level 5 of the Dungeon
  3382 | D:5      | Found Tihist's Magic Scroll Boutique.
  3390 | D:5      | Bought a scroll of magic mapping for 82 gold pieces
  3390 | D:5      | Bought a scroll of noise for 11 gold pieces
  3390 | D:5      | Bought a scroll of teleportation for 33 gold pieces
  3390 | D:5      | Bought a scroll of identify for 22 gold pieces
  3425 | D:5      | Noticed Blork the orc
  3447 | D:5      | Killed Blork the orc
  4314 | D:5      | Found a staircase to the Ecumenical Temple.
  4388 | Temple   | Entered the Ecumenical Temple
  4593 | Temple   | Became a worshipper of Ru the Awakened
  4611 | Temple   | Gained mutation: You cannot study or cast Air magic. [Ru
                  | sacrifice]
  4611 | Temple   | Gained mutation: You cannot study or cast Hexes magic. [Ru
                  | sacrifice]
  4611 | Temple   | Gained mutation: You cannot study or cast Summoning magic.
                  | [Ru sacrifice]
  4611 | Temple   | Reached * piety under Ru
  4707 | D:6      | Reached XP level 8. HP: 10/71 MP: 7/7
  5609 | D:7      | Found Jos Tasi's Hydra Hut.
  5610 | D:7      | Noticed a seven-headed hydra
  5617 | D:7      | Noticed a wyvern
  5620 | D:7      | Found a flagged portal.
  5629 | Bailey   | Entered a bailey
  7143 | Bailey   | Reached XP level 9. HP: 51/80 MP: 8/8
  7489 | Bailey   | Noticed an orc knight
  7489 | Bailey   | Noticed an orc knight
  8261 | D:7      | Noticed Prince Ribbit
  8272 | D:7      | Killed Prince Ribbit
  8273 | D:7      | Reached skill level 5 in Armour
  8379 | D:7      | Reached skill level 5 in Shields
  8987 | D:8      | Gained mutation: You are hated by all. [Ru sacrifice]
  8987 | D:8      | Reached ** piety under Ru
  9054 | D:8      | Noticed a hornet
  9067 | D:8      | Killed a hornet
  9068 | D:8      | Reached XP level 10. HP: 80/91 MP: 9/9
 10145 | D:8      | Noticed a gargoyle
 10160 | D:8      | Killed a gargoyle
 10933 | D:8      | Found an ornate altar of the Wu Jian Council.
 11179 | D:8      | Found a bloodstained altar of Trog.
 12099 | D:8      | Reached skill level 10 in Fighting
 12219 | D:9      | Reached skill level 10 in Unarmed Combat
 12470 | D:9      | Reached XP level 11. HP: 100/100 MP: 10/10
 12607 | D:9      | Found a staircase to the Lair.
 12757 | D:9      | Found Nainior's Serpentskin Sales.
 13053 | D:9      | Found a staircase to the Orcish Mines.
 13054 | D:9      | Found Ulyinieg's Weapon Shop.
 13111 | D:9      | Gained mutation: You take slightly more damage. (AC -5) [Ru
                  | sacrifice]
 13111 | D:9      | Reached *** piety under Ru
 13471 | D:10     | Entered Level 10 of the Dungeon
 13679 | D:9      | Noticed a sixfirhy
 13690 | D:9      | HP: 5/101 [sixfirhy[a kobold demonologist] (8)]
 13690 | D:9      | Mangled by a sixfirhy

Illustrated notes

Levels and vault maps discovered:
D:1:      dpeg_arrival_pond, layout_rooms, ebering_ecumenical_altar_rust,
          amcnicky_mini_corridor_feature
D:2:      layout_rooms, basic_altar, uniq_jessica
D:3:      layout_loops_corners, lemuel_crystal_altar, minmay_cupped
D:4:      layout_basic, st_stairs_8
D:5:      layout_cave_pools, minmay_temple_entry_poolview, serial_shops, shop,
          uniq_blork_the_orc
D:6:      layout_basic
D:7:      layout_loops_ring, enter_bailey_2, dk_noncrumbling_3,
          doesnt_shop_hydraphobe, uniq_prince_ribbit1
D:8:      layout_basic, kennysheep_little_box, trog_hazing_becter,
          grunt_potential
D:9:      layout_loops_ring, hellmonk_lair_entry_icy, orc_david_3,
          serial_co_window_serial, co_window_of_opportunity_a,
          co_window_of_opportunity_a, co_window_paths_a, co_window_corner_a,
          co_window_of_opportunity_a, co_window_of_opportunity_a,
          co_window_paths_a, co_window_broadway_c, co_window_unsneaky_path_a,
          co_window_broadway_c, co_window_paths_e, co_window_4corner_a,
          glass_columns_a, glass_columns_b, glass_columns_a, guppyfry_shop_venom
D:10:     layout_roguey, gammafunk_temple_overflow_wave, gammafunk_ghost_icy
Temple:   bh_familiar_temple

Skill      XL: |  1  2  3  4  5  6  7  8  9 10 11 |
---------------+----------------------------------+-----
Fighting       | 4 5 6 7 9 10 | 10.5
Unarmed Combat | 4 5 6 7 9 10 | 10.5
Armour         | 1 2 4 5 6 7 |  7.3
Shields        | 1 2 4 5 6 7 |  7.3
Dodging        | |  2.6
Stealth        | |  2.1

Action                   |  1- 3 |  4- 6 |  7- 9 | 10-12 || total
-------------------------+-------+-------+-------+-------++-------
Melee: Unarmed           |    65 |   236 |   492 |   455 ||  1248
       Punch             |     3 |     4 |       |       ||     7
Throw: Throwing net      |       |       |       |     1 ||     1
Invok: Sacrifice Arcana  |       |       |     1 |       ||     1
       Sacrifice Love    |       |       |     1 |       ||     1
       Sacrifice Health  |       |       |       |     1 ||     1
  Use: Scroll            |       |       |    15 |     1 ||    16
       Potion            |       |       |     2 |       ||     2
 Stab: Sleeping          |     1 |     1 |       |       ||     2
       Distracted        |       |       |       |     3 ||     3
Armor: Robe              |     7 |    55 |       |       ||    62
       Chain mail        |       |    32 |   257 |   248 ||   537
       Scale mail        |       |     3 |       |       ||     3
Dodge: Dodged            |    42 |   161 |   143 |   181 ||   527
Block: Buckler           |       |     2 |   101 |   123 ||   226

Table legend: (Time is in decaauts)
 A = Elapsed time spent in this place.
 B = Non-inter-level travel time spent in this place.
 C = Inter-level travel time spent in this place.
 D = Time resting spent in this place.
 E = Time spent auto-exploring this place.
 F = Levels seen in this place.
 G = Mean time per level.
                   A        B        C        D        E       F      G
               +--------+--------+--------+--------+--------+-----+--------+
         Total |  13672 |  13251 |    421 |   4307 |   6042 |  12 | 1139.3 |
       Dungeon |  11475 |  11107 |    368 |   2972 |   5866 |  10 | 1147.5 |
        Temple |    227 |    175 |     52 |      0 |    166 |   1 |  227.0 |
        Bailey |   1969 |   1969 |      0 |   1335 |     10 |   1 | 1969.0 |
               +--------+--------+--------+--------+--------+-----+--------+

Top non-repeatable levels by time:
     D:8: 2647 daAuts
  Bailey: 1969 daAuts
     D:7: 1867 daAuts
     D:9: 1494 daAuts
     D:4: 1214 daAuts
     D:6: 1034 daAuts
     D:3: 925 daAuts
     D:5: 838 daAuts
     D:2: 739 daAuts
     D:1: 706 daAuts
  Temple: 227 daAuts
    D:10: 6 daAuts
